Description

My build order for 3v3, mix timing attack and economic

Replay - Voracity (8)

Build Order

Get SALT Encoding   

  12  0:16  Overlord  
  12  0:24  Drone  
  13  0:33  Drone  
  14  0:41  Drone x2  
  16  0:51  Drone  
  17  1:00  Hatchery  
  16  1:04  Drone  
  17  1:17  Spawning Pool  
  16  1:21  Drone x2  
  16  1:22  Extractor  
  17  1:53  Drone x2, Hatchery  
  19  2:07  Roach Warren  
  21  2:25  Metabolic Boost  
  23  2:38  Extractor  
  24  2:51  Queen  
  27  2:56  Overlord  
  27  3:04  Queen  
  31  3:18  Queen  
  35  3:35  Roach x3  
  35  3:37  Overlord  
  41  3:51  Lair  
  41  4:02  Roach x3  
  47  4:12  Overlord x2  
  47  4:18  Roach  
  49  4:35  Roach x3  
  73  6:20  Zergling x20  
Spawning Tool Build Advisor. Get it on Overwolf

Analysis

My build order for 3v3, mix timing attack and economic

Go to:

Details

  • Created by: ElninoPat
  • Published on: Jan 25, 2025
  • Modified on: Jan 25, 2025
  • Patch: 5.0.11
  • Difficulty: Easy
Show
View Real Time Build Order
Export as new Build Order

Comments (0)

There are no comments. Be the first!

Create an account to comment!